 Dungeon Crawl Stone Soup version 0.17-a0-1174-ge06b3cc (console) character file.

81 panicbit the Skirmisher (level 4, -2/41 HPs)
             Began as a Minotaur Fighter on May 29, 2015.
             Slain by Sigmund
             ... wielding a +0 scythe
              (7 damage)
             ... on level 3 of the Dungeon.
             The game lasted 00:04:21 (1338 turns).

panicbit the Skirmisher (Minotaur Fighter)          Turns: 1338, Time: 00:04:21

Health: -2/41      AC:  7    Str: 21    XL:     4   Next: 20%
Magic:  12/12      EV:  7    Int:  5    God:
Gold:   82         SH:  0    Dex: 10    Spells: 0 memorised, 3 levels left

rFire  . . .     SeeInvis .     a - +0 war axe
rCold  . . .     Clarity  .     b - +0 scale mail
rNeg   . . .     SustAt   .     c - +0 shield
rPois  .         Gourm    .     (helmet restricted)
rElec  .         Spirit   .     (no cloak)
rCorr  .         Warding  .     (no gloves)
rMut   .         Stasis   .     (no boots)
MR     .....                    (no amulet)
Stlth  ..........               (no ring)
                                l - ring of magical power

@: confused, not resistant to hostile enchantments, extremely unstealthy
A: retaliatory headbutt, horns 2
a: no special abilities


You were on level 3 of the Dungeon.
You were hungry.

You visited 1 branch of the dungeon, and saw 3 of its levels.

You collected 82 gold pieces.

Inventory:

Hand weapons
 a - a +0 war axe (weapon)
Armour
 b - a +0 scale mail (worn)
 c - a +0 shield (worn)
Jewellery
 l - a ring of magical power (left hand)
Scrolls
 g - a scroll of blinking {unknown}
 h - 2 scrolls of enchant weapon {unknown}
 i - a scroll of identify {unknown}
Potions
 d - a potion of might
 j - a potion of invisibility
 k - a potion of beneficial mutation {unknown}
Comestibles
 e - 2 bread rations


   Skills:
 + Level 4.5 Fighting
 + Level 3.2 Axes
 + Level 4.3 Armour
 + Level 0.4 Dodging
 + Level 4.3 Shields


You had 3 spell levels left.
You didn't know any spells.

Dungeon Overview and Level Annotations

Branches:
Dungeon (3/15)

Altars:
Elyvilon

Annotations:
D:3 Sigmund


Innate Abilities, Weirdness & Mutations

You reflexively headbutt those who attack you in melee.
You have a pair of horns on your head.


Message History

The quokka bites something.
You start resting.
The quokka barely misses something.
You hear some strange, mumbled words.
A puff of flame appears from out of thin air!
The puff of flame hits you!
The quokka barely misses something.
Something hits you but does no damage.
The quokka barely misses something.
The quokka bites something but does no damage.
Something hits you!
* * * LOW HITPOINT WARNING * * *
The quokka closely misses something.
The quokka barely misses something.
Something hits you.
* * * LOW HITPOINT WARNING * * *
The quokka bites something.
You hear some strange, mumbled words.
You are confused.
You enter the shallow water.
Moving in this stuff is going to be slow.
The quokka barely misses something.
You're too confused to move!
Something hits you!
You die...

.. #.# #.# ####
#.# ... ##.## #.#
###.###...#####.#
#..............<#
##.#####...#####.#
###...###...## #.#
#≈≈...≈≈#.### #.#
##≈..♣..@#.# #.#
##..........# #.#
.....♣._.♣...# #.#
###....r....## #.#
##≈..♣..≈##
#≈≈...≈≈#
###...### ##.## #.
.. .##


You could see a neutral quokka (wandering).

Vanquished Creatures
  Ijyb (D:2)
  3 worms (D:2)
  3 giant cockroaches
  6 goblins
  6 hobgoblins
  A ball python (D:2)
  10 bats
  A giant gecko (D:1)
  3 giant newts (D:1)
  5 kobolds
  7 rats
46 creatures vanquished.

Notes
Turn   | Place    | Note
--------------------------------------------------------------
     0 | D:1      | panicbit the Minotaur Fighter began the quest for the Orb.
     0 | D:1      | Reached XP level 1. HP: 19/19 MP: 0/0
   147 | D:1      | Reached XP level 2. HP: 27/27 MP: 1/1
   264 | D:1      | Reached skill level 4 in Fighting
   748 | D:2      | Reached XP level 3. HP: 33/33 MP: 2/2
   919 | D:2      | Noticed Ijyb
   932 | D:2      | Killed Ijyb
   932 | D:2      | Reached XP level 4. HP: 38/41 MP: 3/3
  1310 | D:3      | Found a white marble altar of Elyvilon.
  1317 | D:3      | Noticed Sigmund
  1338 | D:3      | Slain by Sigmund

Vault maps used:
D:1:      nicolae_arrival_washed_ashore
D:2:      uniq_iyjb
D:3:      kennysheep_goblin_castle, elyvilon_altar_4, lemuel_round_altar,
          nicolae_dithmenos_shadow_blocks, uniq_natasha, uniq_robin,
          uniq_sigmund

Action                   |  1- 3 |  4- 6 || total
-------------------------+-------+-------++-------
Melee: War axe           |    92 |    20 ||   112
  Eat: Chunk             |       |     1 ||     1
